 Dungeon Crawl Stone Soup version 0.27-a0-1051-g288ea87c7c (webtiles) character file.

Game seed: 2824187091296733852

152 porpoise the Magician (level 5, -5/40 HPs)
             Began as a Djinni Venom Mage on Apr 20, 2021.
             Slain by a killer bee (8 damage)
             ... on level 2 of the Dungeon.
             The game lasted 00:04:43 (2178 turns).

porpoise the Magician (Djinni Venom Mage)           Turns: 2178, Time: 00:04:44

Health: -5/40      AC:  2    Str:  7    XL:     5   Next: 34%
Gold:   69         EV: 12    Int: 17    God:
                   SH:  0    Dex: 14

rFire    + + .     SeeInvis .   a - +0 mace
rCold    x . .     Faith    .   (no shield)
rNeg     . . .     Spirit   .   c - +0 robe
rPois    ∞         Reflect  .   (no helmet)
rElec    .         Harm     .   (no cloak)
rCorr    .         Rampage  .   (no gloves)
Will     .....                  (boots unavailable)
Stlth    ++........             (no amulet)
HPRegen  0.13/turn              (no ring)
MPRegen  0.00/turn              (no ring)

@: flying
A: fire resistance 2, cold vulnerability 1, float, innate caster, hp casting,
extra vitality 1
a: no special abilities


You were on level 2 of the Dungeon.
You visited 1 branch of the dungeon, and saw 2 of its levels.

You collected 69 gold pieces.

Inventory:

Hand Weapons
 a - a +0 mace (weapon)
Missiles
 b - 53 stones
 d - 20 bolts
Armour
 c - a +0 robe (worn)
 h - a +0 pair of gloves
Scrolls
 e - a scroll of fear {unknown}
 g - 2 scrolls of identify {unknown}
Potions
 f - a potion of haste {unknown}
 i - 2 potions of curing {unknown}
 j - a potion of brilliance {unknown}


   Skills:
 + Level 3.3 Fighting
 - Level 2.1 Dodging
 - Level 1.5 Stealth
 + Level 4.0 Spellcasting


You couldn't memorise any spells.
You knew the following spells:

 Your Spells              Type           Power      Damage    Failure   Level
a - Sting                 Tmut/Pois      68%        1d6       3%          1
b - Passwall              Tmut/Erth      14%        N/A       4%          2
c - Corona                Hex            18%        N/A       3%          1
i - Ignite Poison         Fire/Tmut/Pois 17%        N/A       9%          3
m - Mephitic Cloud        Conj/Pois/Air  17%        N/A       9%          3
o - Olgreb's Toxic Radia  Pois           17%        N/A       30%         4
v - Poisonous Vapours     Pois/Air       34%        N/A       4%          2
Your spell library was empty.

Dungeon Overview and Level Annotations

Branches:
Dungeon (2/15)

Altars:


Innate Abilities, Weirdness & Mutations

You are immune to poison.
Your flesh is very heat resistant. (rF++)
You are vulnerable to cold. (rC-)
You float through the air rather than walking.
You learn spells naturally, not from books.
Your magical power is your life essence.
You have superior vitality. (+4 HP)


Message History

Aim: a killer bee (48% to hit)
The sting hits the killer bee.
The killer bee is poisoned.
The killer bee is moderately wounded.
The killer bee barely misses you. The killer bee closely misses you.
Casting: Sting (safe; 3% risk of failure)
Confirm with . or Enter, or press ? or * to list all spells.
Aiming: Sting (safe; 3% risk of failure)
Press: ? - help, Shift-Dir - straight line, f/p - killer bee
Aim: a killer bee (heavily wounded, poisoned, 48% to hit)
The sting hits the killer bee.
The killer bee looks even sicker.
The killer bee is severely wounded.
The killer bee barely misses you.
A killer bee comes into view.
The killer bee stings you.
You feel a bit more experienced. The killer bee barely misses you.
Your Fighting skill increases to level 3!
Your Spellcasting skill increases to level 4!
You have reached level 5!
The power to cast Passwall wells up from within.
Spell assigned to 'b'.
The killer bee barely misses you.
Casting: Sting (safe; 3% risk of failure)
Confirm with . or Enter, or press ? or * to list all spells.
Aiming: Sting (safe; 3% risk of failure)
Press: ? - help, Shift-Dir - straight line, f - killer bee
Aim: a killer bee (48% to hit)
The sting hits the killer bee.
The killer bee is poisoned.
The killer bee is lightly wounded.
The killer bee stings you. The killer bee barely misses you.
Casting: Sting (safe; 3% risk of failure)
Confirm with . or Enter, or press ? or * to list all spells.
Aiming: Sting (safe; 3% risk of failure)
Press: ? - help, Shift-Dir - straight line, f/p - killer bee
Aim: a killer bee (moderately wounded, poisoned, 48% to hit)
The sting misses the killer bee. x2; The killer bee closely misses you.
The killer bee stings you!
* * * LOW HITPOINT WARNING * * *
Your magical contamination has completely faded away.
The killer bee stings you!
You die...

#..#####.##.### ##...#
. #...#### ##.#.##
###..... ##.#.## ##
.####...## ##.#.##.#.#
.......#.# ##.#.##.#y#
####....##
##.#.##.#y#.#
#........
##.#.##.#y###y#
##....†..
##.#.##.#@##.##y#
##......
##.#.##.#.##.#.##r#
##..##†
##.#.##.#.##.#.#.##.#
##. #†
#.#.##.#.##.#...#.##.#
## #.
#.##)#.##.:..##.#.##.
#.
#.#.##.#...#.##.#.##
## ##.#.##.#.#.##.#.##
##.#.##.#.##.#.##
##.#.##†##.#.##


You could see 3 killer bees.

Vanquished Creatures
  A scorpion (D:2)
  A killer bee (D:2)
  An adder (D:2)
  3 endoplasms
  A giant cockroach (D:1)
  7 hobgoblins
  8 jackals (D:2)
  2 kobolds
  A quokka (D:1)
  3 ball pythons
  4 bats
  A goblin (D:2)
  4 rats (D:1)
37 creatures vanquished.

Notes
Turn   | Place    | Note
-------+----------+-------------------------------------------
     0 | D:1      | porpoise the Djinni Venom Mage began the quest for the Orb.
     0 | D:1      | Reached XP level 1. HP: 15/15 MP: 0/0
   445 | D:1      | Found a faded altar of an unknown god.
   577 | D:1      | Reached skill level 1 in Fighting
   577 | D:1      | Reached XP level 2. HP: 20/22 MP: 0/0
   805 | D:1      | Reached skill level 3 in Spellcasting
  1536 | D:2      | Reached XP level 3. HP: 26/27 MP: 0/0
  1536 | D:2      | Learned a level 1 spell: Corona
  1542 | D:2      | Noticed a scorpion
  1546 | D:2      | Killed a scorpion
  1547 | D:2      | Reached XP level 4. HP: 32/34 MP: 0/0
  2175 | D:2      | Reached skill level 4 in Spellcasting
  2175 | D:2      | Reached XP level 5. HP: 17/40 MP: 0/0
  2175 | D:2      | Learned a level 2 spell: Passwall
  2178 | D:2      | Slain by a killer bee

Illustrated notes

Levels and vault maps discovered:
D:1:      eino_arrival_water_cross, layout_loops_corners,
          hellmonk_ecumenical_altar_crossroads
D:2:      minmay_inner_zag, layout_loops_ring, basic_altar

Skill      XL: |  1  2  3  4 |
---------------+-------------+-----
Fighting       | 1 2 3 |  3.3
Spellcasting   | 3 4 |  4.0
Dodging        | |  2.1
Stealth        | |  1.5

Action                   |  1- 3 |  4- 6 || total
-------------------------+-------+-------++-------
Melee: Unarmed           |     1 |       ||     1
       Mace              |    12 |     8 ||    20
 Cast: Sting             |    31 |    19 ||    50
       Poisonous Vapours |       |     1 ||     1
Armor: Robe              |       |     2 ||     2
Dodge: Dodged            |     9 |    15 ||    24

Table legend: (Time is in decaauts)
 A = Elapsed time spent in this place.
 B = Non-inter-level travel time spent in this place.
 C = Inter-level travel time spent in this place.
 D = Time resting spent in this place.
 E = Time spent auto-exploring this place.
 F = Levels seen in this place.
 G = Mean time per level.
                   A        B        C        D        E       F      G
               +--------+--------+--------+--------+--------+-----+--------+
         Total |   2185 |   2109 |     76 |    965 |    887 |   2 | 1092.5 |
       Dungeon |   2185 |   2109 |     76 |    965 |    887 |   2 | 1092.5 |
               +--------+--------+--------+--------+--------+-----+--------+

Top non-repeatable levels by time:
     D:1: 1512 daAuts
     D:2: 673 daAuts
